 Dungeon Crawl Stone Soup version 0.19-a0-1008-g4c63d25 (webtiles) character file.

620 epen the Skirmisher (level 7, -20/72 HPs)
             Began as an Ogre Abyssal Knight on July 23, 2016.
             Was a Priest of Lugonu.
             Demolished by an ogre
             ... wielding a +0 giant club
              (26 damage)
             ... on level 5 of the Dungeon.
             The game lasted 00:07:41 (5615 turns).

epen the Skirmisher (Ogre Abyssal Knight)           Turns: 5615, Time: 00:07:41

Health: -20/72     AC:  3    Str: 20    XL:     7   Next: 46%
Magic:  10/10      EV: 11    Int: 11    God:    Lugonu [***...]
Gold:   206        SH:  6    Dex:  9    Spells: 0 memorised, 6 levels left

rFire  . . .     SeeInvis .     a - +1 mace
rCold  . . .     Gourm    .     b - +0 robe
rNeg   . . .     Faith    .     (no shield)
rPois  +         Spirit   .     (helmet restricted)
rElec  .         Dismiss  .     (no cloak)
rCorr  .         Reflect  +     (gloves unavailable)
SustAt +         Harm     .     (boots unavailable)
MR     .....                    x - +6 amulet of reflection
Stlth  +.........               v - ring of poison resistance
                                s - ring of sustain attributes

@: not resistant to hostile enchantments, very unstealthy
A: unfitting armour, tough skin 1
a: Depart the Abyss, Bend Space, Banish, Renounce Religion


You were on level 5 of the Dungeon.
You worshipped Lugonu.
Lugonu was most pleased with you.
You were very hungry.

You visited 1 branch of the dungeon, and saw 5 of its levels.
You visited the Abyss 1 time.

You collected 206 gold pieces.

Inventory:

Hand Weapons
 a - a +1 mace (weapon)
Armour
 b - a +0 robe (worn)
Jewellery
 e - an uncursed ring of stealth
 h - an uncursed ring of protection from fire {unknown}
 s - a ring of sustain attributes (left hand)
 v - a ring of poison resistance (right hand)
 w - an uncursed ring of fire
 x - a +6 amulet of reflection (around neck)
Wands
 f - a wand of confusion (15/48)
 y - a wand of polymorph (4/24)
Scrolls
 d - 3 scrolls of fog {unknown}
 g - a scroll of remove curse {unknown}
 k - 2 scrolls of amnesia {unknown}
 l - a scroll of immolation {unknown}
 o - 2 scrolls of noise {unknown}
 p - 4 scrolls of recharging {unknown}
 r - 4 scrolls of identify {unknown}
 t - 4 scrolls of teleportation {unknown}
 u - 3 scrolls of fear {unknown}
 z - a scroll of random uselessness {unknown}
Potions
 i - a potion of berserk rage {unknown}
 j - a potion of magic {unknown}
 m - a potion of might {unknown}
 q - a potion of agility {unknown}
 A - a potion of degeneration {unknown}
 C - 3 potions of curing {unknown}
 D - a potion of invisibility {unknown}
Comestibles
 c - 9 bread rations
 n - 4 fruits
 B - a slice of pizza


   Skills:
 + Level 5.5 Fighting
 + Level 4.2 Maces & Flails
 + Level 2.3 Armour
 * Level 4.6 Dodging
 * Level 4.5 Invocations


You had 6 spell levels left.
You didn't know any spells.

Dungeon Overview and Level Annotations

Branches:
Dungeon (5/15)             Temple (0/1) D:5

Altars:
Dithmenos
Hepliaklqana
Ru
Xom
Zin

Annotations:
Abyss:1 Prince Ribbit


Innate Abilities, Weirdness & Mutations

You are too large for most types of armour.
You have tough skin. (AC +1)


Message History

* * * LOW HITPOINT WARNING * * *
Press: ? - help, Shift-Dir - straight line, f/p - ogre
Aim: an ogre, wielding a giant club (moderately wounded, chance to defeat MR: 83%)
You fail to use your ability.
The giant cockroach waves its antennae.
The giant cockroach bites you but does no damage.
The ogre barely misses you.
Press: ? - help, Shift-Dir - straight line, f/p - ogre
Aim: an ogre, wielding a giant club (moderately wounded, chance to defeat MR: 83%)
You fail to use your ability.
The giant cockroach bites you.
* * * LOW HITPOINT WARNING * * *
Press: ? - help, Shift-Dir - straight line, f/p - ogre
Aim: an ogre, wielding a giant club (moderately wounded, chance to defeat MR: 83%)
You fail to use your ability.
The giant cockroach closely misses you. You block the ogre's attack.
The giant cockroach bites you but does no damage.
Press: ? - help, Shift-Dir - straight line, f/p - ogre
Aim: an ogre, wielding a giant club (moderately wounded, chance to defeat MR: 83%)
You fail to use your ability.
The ogre hits you with a giant club!!
You die...

#..........................#
#......................(...#
#..........................#
#.............>...........
#........................
#........................
#........................
#.........)..))..........
#.............@..........
............Os..........
....?..................
............>.........
.....................
...............
...........(...
...............


You could see an ogre and a giant cockroach.

Vanquished Creatures
  2 scorpions (D:5)
  A hound (D:4)
  A giant frog skeleton (D:5)
  An orc wizard (D:5)
  Natasha (thrice) (D:3)
  A worker ant (D:4)
  A hound skeleton (D:5)
  A hound zombie (D:5)
  8 adders
  An adder zombie (D:5)
  3 worms (D:2)
  6 dart slugs
  2 giant geckos
  9 orcs
  A giant cockroach (D:2)
  5 goblins
  5 hobgoblins
  3 quokkas
  9 bats
  8 giant newts
  12 kobolds
  14 rats
97 creatures vanquished.

Notes
Turn   | Place    | Note
-------+----------+-------------------------------------------
     0 | Abyss:1  | epen the Ogre Abyssal Knight began the quest for the Orb.
     0 | Abyss:1  | Reached XP level 1. HP: 24/24 MP: 2/2
     4 | Abyss:1  | Found a corrupted altar of Lugonu.
    53 | Abyss:1  | Noticed a worldbinder
    54 | Abyss:1  | Noticed a jumping spider
    54 | Abyss:1  | Noticed an orb spider
    54 | Abyss:1  | Noticed a jumping spider
    57 | D:1      | Escaped the Abyss
   269 | D:1      | Reached XP level 2. HP: 14/32 MP: 3/3
   504 | D:1      | Reached * piety under Lugonu
   706 | D:1      | Reached XP level 3. HP: 36/40 MP: 4/4
  1259 | D:2      | Reached skill level 1 in Armour
  1651 | D:2      | Found a shadowy altar of Dithmenos.
  1666 | D:2      | Reached XP level 4. HP: 32/49 MP: 5/5
  2262 | D:2      | Reached ** piety under Lugonu
  2691 | D:3      | Noticed an ice beast
  3066 | D:3      | Reached XP level 5. HP: 30/55 MP: 7/7
  3445 | D:3      | Noticed Natasha
  3463 | D:3      | Killed Natasha
  3463 | D:3      | Reached skill level 5 in Fighting
  3671 | D:3      | Noticed Natasha
  3686 | D:3      | Killed Natasha
  3727 | D:3      | Noticed Natasha
  3735 | D:3      | Killed Natasha
  3847 | D:4      | Found a sacrificial altar of Ru.
  3882 | D:4      | Found a hazy altar of Hepliaklqana.
  3935 | D:4      | Found a shimmering altar of Xom.
  4080 | D:4      | Reached XP level 6. HP: 48/66 MP: 8/8
  4114 | D:4      | Found a glowing silver altar of Zin.
  4528 | D:5      | Entered Level 5 of the Dungeon
  5052 | D:5      | Reached *** piety under Lugonu
  5294 | D:5      | Reached XP level 7. HP: 55/72 MP: 9/9
  5440 | D:5      | Found a staircase to the Ecumenical Temple.
  5498 | D:5      | Noticed Prince Ribbit
  5508 | D:5      | Banished Prince Ribbit
  5615 | D:5      | Demolished by an ogre

Vault maps used:
D:1:      dpeg_cavernosity
D:2:      lemuel_crystal_altar
D:3:      uniq_natasha
D:4:      nicolae_overflow_quartered_altars
D:5:      okawaru_metal_pillars_3, first_bread, uniq_prince_ribbit1

Skill      XL: |  1  2  3  4  5  6  7 |
---------------+----------------------+-----
Armour         | 1 2 |  2.3
Maces & Flails | 3 4 |  4.2
Dodging        | 3 4 |  4.6
Fighting       | 5 |  5.5
Invocations    | 3 4 |  4.5

Action                   |  1- 3 |  4- 6 |  7- 9 || total
-------------------------+-------+-------+-------++-------
Melee: Mace              |   142 |   237 |    22 ||   401
       Unarmed           |       |     8 |       ||     8
Invok: Depart the Abyss  |     1 |       |       ||     1
       Banish            |       |       |     1 ||     1
  Use: Potion            |       |     2 |       ||     2
 Stab: Sleeping          |     2 |       |       ||     2
       Distracted        |     1 |       |       ||     1
  Eat: Chunk             |     3 |     9 |     1 ||    13
       Beef jerky        |       |     1 |       ||     1
Armor: Robe              |    64 |    40 |     3 ||   107
Dodge: Dodged            |    97 |   133 |    12 ||   242
Block: Other             |       |    42 |     8 ||    50
